 Dungeon Crawl Stone Soup version 0.23-a0-407-g92528d7 (webtiles) character file.

6 JeffiDaFish the Grave Robber (level 1, -4/10 HPs)
             Began as a Deep Elf Necromancer on Nov 8, 2018.
             Slain by a hobgoblin
             ... wielding a +0 club
              (5 damage)
             ... on level 1 of the Dungeon.
             The game lasted 00:00:45 (299 turns).

JeffiDaFish the Grave Robber (Deep Elf Necromancer)  Turns: 299, Time: 00:00:45

Health: -4/10      AC:  3    Str:  9    XL:     1   Next: 75%
Magic:  5/15       EV: 13    Int: 19    God:
Gold:   13         SH:  0    Dex: 15    Spells: 5/6 levels left

rFire    . . .     SeeInvis .   f - +0 short sword
rCold    . . .     Gourm    .   (no shield)
rNeg     . . .     Faith    .   a - +0 robe
rPois    .         Spirit   .   (no helmet)
rElec    .         Reflect  .   (no cloak)
rCorr    .         Harm     .   (no gloves)
MR       .....                  b - +0 pair of boots
Stlth    ++........             (no amulet)
HPRegen  0.03/turn              e - +4 ring of strength
MPRegen  0.14/turn              g - ring of magical power

@: no status effects
A: no striking features
a: no special abilities


You were on level 1 of the Dungeon.
You were not hungry.

You visited 1 branch of the dungeon, and saw 1 of its levels.

You collected 13 gold pieces.

Inventory:

Hand Weapons
 f - a +0 short sword (weapon)
Armour
 a - a +0 robe (worn)
 b - a +0 pair of boots (worn)
Jewellery
 e - a +4 ring of strength (left hand)
 g - a ring of magical power (right hand)
Comestibles
 c - a ration
 d - 2 chunks of flesh


   Skills:
 + Level 2.4 Dodging
 + Level 2.5 Stealth
 + Level 3.1 Spellcasting
 + Level 5.1 Necromancy


You had 5 spell levels left.
You knew the following spells:

 Your Spells              Type           Power        Failure   Level  Hunger
a - Pain                  Necr           ###.         1%          1    None

Your spell library contained the following spells:

 Spells                   Type           Power        Failure   Level  Hunger
 Animate Skeleton         Necr           N/A          1%          1    None
 Vampiric Draining        Necr           ###.......   5%          3    ###....
 Regeneration             Chrm/Necr      ##........   16%         3    ###....
 Animate Dead             Necr           N/A          19%         4    ####...


Dungeon Overview and Level Annotations

Branches:
Dungeon (1/15)

Altars:


Message History

Aiming: Pain (safe; 1% risk of failure)
Press: ? - help, Shift-Dir - straight line, f/p - hobgoblin
Aim: a hobgoblin, wielding a +0 club (heavily wounded, chance to defeat MR: The hobgoblin writhes in agony!
You kill the hobgoblin!
Casting: Pain (safe; 1% risk of failure)
Confirm with . or Enter, or press ? or * to list all spells.
Aiming: Pain (safe; 1% risk of failure)
Press: ? - help, Shift-Dir - straight line, f - giant cockroach
Aim: a giant cockroach (severely wounded, clinging, chance to defeat MR: 91%)
The giant cockroach writhes in agony!
You kill the giant cockroach!
Casting: Pain (safe; 1% risk of failure)
Confirm with . or Enter, or press ? or * to list all spells.
Aiming: Pain (safe; 1% risk of failure)
Press: ? - help, Shift-Dir - straight line, f - hobgoblin
Aim: a hobgoblin, wielding a +0 club (chance to defeat MR: 91%)
The hobgoblin writhes in agony!
The hobgoblin hits you with a +0 club.
Ouch! That really hurt!
You die...

#.##.####
#..########## #....#
######>..........#
####.#
#..........[.###.###
#.# #.#####.####.#
#.... #.#####.# #.#
#.###....
#.......#####.#
#.≈≈≈≈≈..
######........#
#≈≈≈<.≈≈≈ #........#
#≈≈8≈≈...≈
#.##@##..##≈≈...≈≈≈≈.
#..#.#g#..##≈.≈≈≈...≈≈
#..#..)#..##≈.≈8≈≈≈≈.≈
#..#.%.# #≈≈.≈....≈≈.
...##.## .≈8.≈.≈≈.8≈.
......# #≈≈.≈.≈8.≈≈.
##.##. ##


You could see a hobgoblin.

Vanquished Creatures
  A giant cockroach (D:1)
  A goblin (D:1)
  2 hobgoblins (D:1)
  A kobold (D:1)
5 creatures vanquished.

Notes
Turn   | Place    | Note
-------+----------+-------------------------------------------
     0 | D:1      | JeffiDaFish the Deep Elf Necromancer began the quest for
                  | the Orb.
     0 | D:1      | Reached XP level 1. HP: 10/10 MP: 6/6
   294 | D:1      | Reached skill level 5 in Necromancy
   299 | D:1      | Slain by a hobgoblin

Vault maps used:
D:1:      nagdon_arrival_double_spiral, roderic_lattice_a,
          minmay_misc_feat_room, minmay_misc_feat_rugged, minmay_distorted

Skill      XL: |  1 |
---------------+----+-----
Necromancy     | 5 |  5.1
Dodging        | |  2.4
Stealth        | |  2.5
Spellcasting   | |  3.1

Action                   || total
-------------------------++-------
Melee: Short sword       ||     1
 Cast: Pain              ||     9
  Use: Scroll            ||     2
       Potion            ||     1
 Stab: Sleeping          ||     1
Dodge: Dodged            ||     7

Table legend:
 A = Non-vault XP
 B = Vault XP
 C = Vault XP percentage of total XP
 D = Non-vault monster count
 E = Vault monster count
 F = Vault count percentage of total count
                 A         B        C        D         E       F
            +---------+---------+-------+---------+---------+-------
      Total |       3 |       6 |  66.7 |       2 |       3 |  60.0
            +---------+---------+-------+---------+---------+-------
        D:1 |       3 |       6 |  66.7 |       2 |       3 |  60.0
            +---------+---------+-------+---------+---------+-------
